 Dungeon Crawl Stone Soup version 0.19.1-1-g22dce08 (webtiles) character file.

412 Alarkh the Grave Robber (level 6, -1/41 HPs)
             Began as a Mummy Necromancer on Jan 2, 2017.
             Slain by a hound zombie (3 damage)
             ... on level 5 of the Dungeon.
             The game lasted 00:05:28 (3356 turns).

Alarkh the Grave Robber (Mummy Necromancer)         Turns: 3356, Time: 00:05:29

Health: -1/41      AC:  5    Str: 12    XL:     6   Next: 59%
Magic:  21/21      EV: 12    Int: 16    God:
Gold:   136        SH:  0    Dex: 12    Spells: 2 memorised, 9 levels left

rFire  x . .     SeeInvis .     n - +0 broad axe
rCold  + . .     Gourm    .     l - +0 robe
rNeg   + + +     Faith    .     (no shield)
rPois  ∞         Spirit   .     d - +1 helmet
rElec  .         Reflect  .     (no cloak)
rCorr  .         Harm     .     j - +0 pair of gloves
MR     .....                    (no boots)
Stlth  ++........               (no amulet)
                                (no ring)
                                k - ring of magical power

@: no status effects
A: no food or potions, fire vulnerability, cold resistance 1, negative energy
resistance 3, torment resistance, unbreathing
a: no special abilities


You were on level 5 of the Dungeon.
You were not hungry.

You visited 1 branch of the dungeon, and saw 5 of its levels.

You collected 136 gold pieces.

Inventory:

Hand Weapons
 a - a +1 dagger of venom
 c - a +0 mace
 m - a +2 flail of protection
 n - a +0 broad axe (weapon)
Armour
 d - a +1 helmet (worn)
 j - a +0 pair of gloves (worn)
 l - a +0 robe (worn)
 u - a +1 ring mail of positive energy
Jewellery
 h - an uncursed ring of teleportation
 i - an uncursed amulet of guardian spirit
 k - a ring of magical power (left hand)
Scrolls
 e - a scroll of identify
 f - a scroll of magic mapping
 g - 2 scrolls of remove curse
 o - a scroll of random uselessness
 p - a scroll of blinking
 s - a scroll of immolation
 t - a scroll of recharging
 v - a scroll of enchant armour {unknown}
Books
 b - a book of Necromancy

   Spells                             Type                      Level
   a - Pain                           Necromancy                   1
   b - Animate Skeleton               Necromancy                   1
   c - Vampiric Draining              Necromancy                   3
   d - Regeneration                   Charms/Necromancy            3
   e - Animate Dead                   Necromancy                   4
   f - Control Undead                 Necromancy                   4
 q - a book of Changes

   Spells                             Type                      Level
   a - Beastly Appendage              Transmutation                1
   b - Sticks to Snakes               Transmutation                2
   c - Spider Form                    Transmutation/Poison         3
   d - Ice Form                       Ice/Transmutation            4
   e - Blade Hands                    Transmutation                5
 r - a book of Summonings

   Spells                             Type                      Level
   a - Recall                         Summoning/Translocation      3
   b - Aura of Abjuration             Summoning                    5
   c - Summon Demon                   Summoning                    5
   d - Summon Forest                  Summoning/Translocation      5
   e - Summon Mana Viper              Hexes/Summoning              5
   f - Shadow Creatures               Summoning                    6


   Skills:
 + Level 1.9 Axes
 - Level 1.5 Dodging
 - Level 1.5 Stealth
 + Level 4.4 Spellcasting
 + Level 6.0 Necromancy


You had 9 spell levels left.
You knew the following spells:

 Your Spells              Type           Power        Failure   Level  Hunger
a - Pain                  Necr           ###.         1%          1    N/A
b - Vampiric Draining     Necr           ###.......   4%          3    N/A

Dungeon Overview and Level Annotations

Branches:
Dungeon (5/15)
 Temple: D:4-7

Altars:
Makhleb


Innate Abilities, Weirdness & Mutations

You do not eat or drink.
Your flesh is vulnerable to fire.
You are immune to poison.
Your flesh is cold resistant. (rC+)
You are immune to negative energy. (rN+++)
You are immune to unholy pain and torment.
You can survive without breathing.


Message History

Found a club.
There is an open door here.
There is a stone staircase leading up here.
You see here a golden potion.
There is a stone staircase leading down here.
The ogre barely misses you.
You climb downwards.
An ogre comes into view. It is wielding a giant spiked club.
Found a scroll of identify.
There is a stone staircase leading up here.
The ogre shouts!
A hound zombie comes into view.
A worker ant comes into view.
The worker ant twitches its antennae in your direction.
The worker ant waves its antennae.
The hound zombie bites you.
* * * LOW HITPOINT WARNING * * *
The hound zombie closely misses you. The hound zombie bites you.
You die...

######## .......#
.......# #########
.......#########........
...............O........
.......#########........
...#..## #@Za.....
...##... #........
......... #........
.?.#####. ..####### ...#
#.. ###


You could see an ogre, a worker ant and a hound zombie.

Vanquished Creatures
  Purgy (D:2)
  A howler monkey (D:4)
  A hound (D:3)
  An orc priest (D:3)
  An orc wizard (D:3)
  2 worker ants (D:4)
  6 adders
  2 oozes
  5 worms
  2 leopard geckos
  5 orcs
  3 ball pythons
  5 giant cockroaches
  10 goblins
  8 hobgoblins
  4 jackals (D:1)
  2 quokkas (D:4)
  2 bats
  2 frilled lizards
  7 kobolds
  A rat (D:2)
71 creatures vanquished.

Notes
Turn   | Place    | Note
-------+----------+-------------------------------------------
     0 | D:1      | Alarkh the Mummy Necromancer began the quest for the Orb.
     0 | D:1      | Reached XP level 1. HP: 13/13 MP: 3/3
   184 | D:1      | Reached XP level 2. HP: 5/19 MP: 0/5
   795 | D:1      | Reached XP level 3. HP: 24/24 MP: 3/6
   804 | D:1      | Learned a level 3 spell: Vampiric Draining
  2191 | D:2      | Reached skill level 5 in Necromancy
  2191 | D:2      | Reached XP level 4. HP: 23/30 MP: 3/8
  2635 | D:3      | Reached XP level 5. HP: 35/35 MP: 10/10
  2667 | D:3      | Found a burning altar of Makhleb.
  3027 | D:4      | Reached skill level 1 in Axes
  3091 | D:4      | Reached XP level 6. HP: 41/41 MP: 12/12
  3118 | D:4      | Noticed Purgy
  3187 | D:2      | Killed Purgy
  3235 | D:2      | Reached skill level 6 in Necromancy
  3321 | D:4      | HP: 1/41 [orc priest/divine providence (9)]
  3338 | D:5      | Entered Level 5 of the Dungeon
  3355 | D:5      | HP: 2/41 [hound zombie (3)]
  3356 | D:5      | Slain by a hound zombie

Skill      XL: |  1  2  3  4  5  6 |
---------------+-------------------+-----
Spellcasting   | 3 4 |  4.4
Necromancy     | 5 6 |  6.0
Axes           | 1 |  1.9
Dodging        | |  1.5
Stealth        | |  1.5

Action                   |  1- 3 |  4- 6 || total
-------------------------+-------+-------++-------
Melee: Mace              |    37 |     2 ||    39
       Unarmed           |     4 |       ||     4
       Dagger            |       |     2 ||     2
       Broad axe         |       |     2 ||     2
 Cast: Pain              |    69 |    99 ||   168
       Vampiric Draining |       |     5 ||     5
  Use: Scroll            |     1 |     5 ||     6
Armor: Robe              |    13 |    15 ||    28
Dodge: Dodged            |    50 |    52 ||   102
